 Dungeon Crawl Stone Soup version 0.29.1-2-gbd0b4ee654 (webtiles) character file.

Game seed: 15817645061873236291

71 hilljack the Digger (level 4, -11/36 HPs)
             Began as a Gargoyle Earth Elementalist on Nov 3, 2022.
             Killed from afar by an orc wizard (13 damage)
             ... with a puff of flame
             ... on level 2 of the Dungeon on Nov 4, 2022.
             The game lasted 00:04:00 (2260 turns).

hilljack the Digger (Gargoyle Earth Elementalist)   Turns: 2260, Time: 00:04:00

Health: -11/36     AC: 22    Str: 12    XL:     4   Next: 24%
Magic:  1/8        EV:  2    Int: 17    God:
Gold:   73         SH:  0    Dex: 10    Spells: 7/8 levels left

rFire   . . .      SeeInvis .   j - +0 long sword
rCold   . . .      Faith    .   (no shield)
rNeg    + . .      Spirit   .   (body armour currently unavailable)
rPois   ∞          Reflect  .   (helmet currently unavailable)
rElec   .          Harm     .   (cloak currently unavailable)
rCorr   .          Rampage  .   (gloves currently unavailable)
Will    .....      NoTele   +   (boots currently unavailable)
Stlth   ++........              (no amulet)
HPRegen 0.12/turn               (no ring)
MPRegen 0.11/turn               (no ring)

@: tree-form
A: stationary, stasis, torment immunity, boosted hp, sickness immunity, AC +3,
negative energy resistance 1, (electricity resistance), torment resistance 1,
petrification resistance
a: no special abilities


You were on level 2 of the Dungeon.
You were a tree.
You visited 1 branch of the dungeon, and saw 3 of its levels.

You collected 73 gold pieces.

Inventory:

Hand Weapons
 j - a +0 long sword (weapon)
Armour
 a - a +0 robe (melded)
 e - a +0 pair of gloves (melded)
Scrolls
 c - 2 scrolls of immolation {unknown}
 d - a scroll of teleportation {unknown}
 g - a scroll of brand weapon {unknown}
 k - a scroll of identify {unknown}
 m - a scroll of noise {unknown}
 o - 3 scrolls of enchant weapon {unknown}
Potions
 b - a potion of magic
 f - a potion of heal wounds {unknown}
 h - a potion of lignification
 i - a potion of might {unknown}
 l - a potion of degeneration {unknown}
 n - a potion of mutation {unknown}
 p - a potion of attraction {unknown}


   Skills:
 - Level 1.5 Dodging
 - Level 2.1 Stealth
 + Level 2.8 Spellcasting
 - Level 0.7 Transmutations
 * Level 5.3 Earth Magic


You had 7 spell levels left.
You knew the following spells:

 Your Spells              Type           Power      Damage    Failure   Level
a - Sandblast             Erth           40%        2d10      1%          1

Your spell library contained the following spells:

 Spells                   Type           Power      Damage    Failure   Level
 Passwall                 Tmut/Erth      10%        N/A       8%          2
 Stone Arrow              Conj/Erth      22%        3d8       19%         3
 Poisonous Vapours        Pois/Air       4%         N/A       26%         2
 Petrify                  Tmut/Erth      12%        N/A       45%         4
 Corpse Rot               Necr/Pois/Air  2%         N/A       87%         4


Dungeon Overview and Level Annotations

Branches:
Dungeon (3/15)

Altars:
Elyvilon
Wu Jian


Innate Abilities, Weirdness & Mutations

You are a tree.
Your roots penetrate the ground, keeping you stationary.
You cannot be teleported.
You are immune to unholy pain and torment.
Your maximum health is greatly increased.
Your equipment is partially melded.
You are immune to sickness and miasma.
((Your stone body is resilient. (AC +3)))
You are immune to poison.
You resist negative energy. (rN+)
((You are resistant to electric shocks. (rElec)))
You are resistant to unholy torment.
You are immune to petrification.


Message History

Casting: Sandblast (safe; 1% risk of failure)
Confirm with . or Enter, or press ? or * to list all spells.
Aiming: Sandblast (safe; 1% risk of failure)
Press: ? - help, Shift-Dir - straight line, f/p - orc
Aim: an orc, wielding a +0 whip and wearing a +0 leather armour (severely wounded, 83% to hit)
The blast of sand hits the orc!
You kill the orc!
The orc wizard hits you but does no damage.
The orc closely misses you.
The orc wizard points at you and mumbles some strange words.
You resist with some effort. The orc barely misses you.
Casting: Sandblast (safe; 1% risk of failure)
Confirm with . or Enter, or press ? or * to list all spells.
Aiming: Sandblast (safe; 1% risk of failure)
Press: ? - help, Shift-Dir - straight line, f - orc wizard
Aim: an orc wizard, wielding a +0 dagger and wearing a +0 robe (79% to hit)
The blast of sand misses the orc wizard.
The orc wizard points at you and mumbles some strange words.
You resist with some effort. The orc barely misses you.
Casting: Sandblast (safe; 1% risk of failure)
Confirm with . or Enter, or press ? or * to list all spells.
Aiming: Sandblast (safe; 1% risk of failure)
Press: ? - help, Shift-Dir - straight line, f/p - orc wizard
Aim: an orc wizard, wielding a +0 dagger and wearing a +0 robe (79% to hit)
The blast of sand hits the orc wizard.
The orc wizard is moderately wounded.
The orc wizard gestures at you while chanting.
The puff of flame hits you.
* * * LOW HITPOINT WARNING * * *
The orc hits you with a +0 mace.
* * * LOW HITPOINT WARNING * * *
The orc wizard hits you with a +0 dagger.
* * * LOW HITPOINT WARNING * * *
The orc hits you but does no damage.
It was a potion of lignification.
You turn into a tree.
Your +0 pair of gloves melds into your body.
Your +0 robe melds into your body.
Your roots penetrate the ground.
The orc wizard points at you and mumbles some strange words.
The puff of flame hits you!
You die...

#..........#.............
#..........#............#
#..........#........#####
#..........#........#
#..........###......#
###.................#####
##......................
#.....))o.....####......
#......♣......+.........
#.......o.....##........
##.............#........
#.............#........
#.............###......
#......####............
#...(..# #............
#......####........##..
#......................


You could see an orc wizard and an orc.

Vanquished Creatures
  3 dancing weapons (D:2)
  An adder (D:2)
  3 worms (D:2)
  2 dart slugs
  3 orcs
  5 endoplasms
  A giant cockroach (D:1)
  3 hobgoblins
  6 jackals
  A kobold (D:2)
  2 quokkas
  3 ball pythons
  6 bats
  A frilled lizard (D:1)
  4 goblins
  A rat (D:2)
45 creatures vanquished.

Notes
Turn   | Place    | Note
-------+----------+-------------------------------------------
     0 | D:1      | hilljack the Gargoyle Earth Elementalist began the quest
                  | for the Orb.
     0 | D:1      | Reached XP level 1. HP: 10/10 MP: 3/3
   254 | D:1      | Reached skill level 4 in Earth Magic
   331 | D:1      | Reached XP level 2. HP: 15/15 MP: 3/5
   980 | D:1      | Found a faded altar of an unknown god.
   986 | D:1      | Prayed at the altar of an unknown god.
   986 | D:1      | Became a worshipper of the Wu Jian Council
   986 | D:1      | Reached * piety under Wu Jian
  1279 | D:2      | Reached XP level 3. HP: 19/19 MP: 2/6
  1429 | D:2      | Fell from the grace of Wu Jian
  1525 | D:2      | Noticed a +4 quarterstaff of electrocution
  1525 | D:2      | Noticed a +0 broad axe of freezing
  1525 | D:2      | Noticed a +1 great sword of freezing
  1525 | D:2      | Killed a +1 great sword of freezing
  1526 | D:2      | Killed a +4 quarterstaff of electrocution
  1527 | D:2      | Killed a +0 broad axe of freezing
  1741 | D:2      | Found a white marble altar of Elyvilon.
  1754 | D:2      | Reached skill level 5 in Earth Magic
  1938 | D:2      | Reached XP level 4. HP: 24/24 MP: 6/8
  2259 | D:2      | HP: 1/24 [orc wizard/+0 dagger (3)]
  2260 | D:2      | Killed from afar by an orc wizard

Illustrated notes

Levels and vault maps discovered:
D:1:      dpeg_arrival_round_c, layout_loops_corners,
          dreamdust_ecumenical_altar_angels_and_demons, minmay_misc_feat_chi,
          minmay_misc_feat_secret_circle, chequers_serial_rivers_large_a
D:2:      layout_basic, basic_altar
D:3:      layout_basic, mainiacjoe_overflow_alcove_1

Skill      XL: |  1  2  3 |
---------------+----------+-----
Earth Magic    | 4 5 |  5.3
Dodging        | |  1.5
Stealth        | |  2.1
Spellcasting   | |  2.8
Transmutations | |  0.7

Action                   |  1- 3 |  4- 6 || total
-------------------------+-------+-------++-------
Melee: Long sword        |    11 |       ||    11
 Cast: Sandblast         |    52 |    14 ||    66
Invok: Renounce Religion |     1 |       ||     1
  Use: Potion            |       |     1 ||     1
Armor: Robe              |    13 |     4 ||    17
Dodge: Dodged            |    22 |    14 ||    36
